 Dungeon Crawl Stone Soup version 0.29.1-12-g30fa7ad0bf (webtiles) character file.

Game seed: 1146647282486701715

203 MysteronAgent647 the Vexing (level 5, -2/22 HPs)
             Began as a Felid Enchanter on Dec 26, 2022.
             Was a Follower of Okawaru.
             Slain by a black bear (5 damage)
             ... on level 5 of the Dungeon.
             The game lasted 00:27:36 (4767 turns).

MysteronAgent647 the Vexing (Felid Enchanter)       Turns: 4767, Time: 00:27:39

Health: -2/22      AC:  2    Str:  3 (5)  XL:     5   Next: 51%
Magic:  7/10       EV: 18    Int: 18 (21) God:    Okawaru [*.....]
Gold:   157        SH:  0    Dex: 14 (15) Spells: 0/10 levels left
                                        Lives:  0   Deaths: 1

rFire   + . .      SeeInvis +     - Unarmed
rCold   . . .      Faith    .   (shield unavailable)
rNeg    . . .      Spirit   .   (body armour unavailable)
rPois   .          Reflect  .   (helmet unavailable)
rElec   .          Harm     .   (cloak unavailable)
rCorr   .          Rampage  .   (gloves unavailable)
Will    .....                   (boots unavailable)
Stlth   +++.......              (no amulet)
HPRegen 0.07/turn               (no ring)
MPRegen 0.12/turn               (no ring)

@: quick
A: very small, claws 1, fangs 3, see invisible, speed 1, shaggy fur 2, stealthy
paws, no weapons or thrown items, no armour, multi-lived, clever 1, fire
resistance 1
a: Renounce Religion, Heroism


You were on level 5 of the Dungeon.
You worshipped Okawaru.
Okawaru was aware of your devotion.
You visited 1 branch of the dungeon, and saw 5 of its levels.

You collected 157 gold pieces.

Inventory:

Scrolls
 a - a scroll of brand weapon {unknown}
 b - 6 scrolls of teleportation
 d - 2 scrolls of vulnerability
 e - a scroll of noise {unknown}
 h - 2 scrolls of fear
 i - a scroll of enchant armour {unknown}
 j - a scroll of immolation {unknown}
 k - a scroll of summoning {unknown}


   Skills:
 * Level 1.7 Fighting
 * Level 3.6 Dodging
 * Level 5.5 Stealth
 * Level 2.3 Unarmed Combat
 * Level 3.1 Spellcasting
 * Level 5.7 Hexes
 * Level 0.2 Translocations
 * Level 1.5 Transmutations
 * Level 1.6 Ice Magic
 * Level 0.1 Poison Magic


You couldn't memorise any spells.
You knew the following spells:

 Your Spells              Type           Power      Damage    Failure   Level
a - Ensorcelled Hibernat  Hex/Ice        32%        N/A       5%          2
b - Tukima's Dance        Hex            23%        N/A       4%          3
c - Beastly Appendage     Tmut           16%        N/A       9%          1
d - Spider Form           Tmut/Pois      5%         N/A       34%         3
e - Blink                 Tloc           6%         N/A       22%         2

Your spell library contained the following spells:

 Spells                   Type           Power      Damage    Failure   Level
 Confusing Touch          Hex            23%        N/A       4%          3
 Freeze                   Ice            32%        1d5       9%          1
 Wereblood                Tmut           8%         N/A       13%         2
 Dazzling Flash           Conj/Hex       26%        N/A       14%         3
 Passwall                 Tmut/Erth      4%         N/A       19%         2
 Frozen Ramparts          Ice            16%        1d3       24%         3
 Lesser Beckoning         Tloc           3%         N/A       41%         3
 Swiftness                Air            2%         N/A       43%         3
 Yara's Violent Unravell  Hex/Tmut       7%         3d5       69%         5
 Hailstorm                Conj/Ice       5%         3d4       75%         4
 Manifold Assault         Tloc           3%         N/A       99%         5
 Enfeeble                 Hex            11%        N/A       100%        7


Dungeon Overview and Level Annotations

Branches:
Dungeon (5/15)
 Temple: D:4-7

Altars:
Okawaru

Annotations:
D:5 Prince Ribbit


Innate Abilities, Weirdness & Mutations

You have sharp claws.
You have razor-sharp teeth.
You have supernaturally acute eyesight. (SInv)
You cover ground quickly. (Speed+)
You are covered in thick fur. (AC +2)
Your paws help you pounce on unaware monsters.
You are incapable of wielding weapons or throwing items.
You cannot wear armour.
You gain extra lives every three experience levels.
Your mind is acute. (Int +4, Str/Dex -1)
Your flesh is heat resistant. (rF+)


Message History

* * * LOW HITPOINT WARNING * * *
The black bear misses you. The black bear closely misses you.
Aiming: Ensorcelled Hibernation (safe; 4% risk of failure)
Press: ? - help, Q - select action, (/) - cycle Shift-Dir - straight line, f/p - black bear
Aim: a black bear (heavily wounded, chance to affect: 50%)
The black bear resists with some effort.
The black bear closely misses you. x2
The black bear claws you but does no damage.
Aiming: Ensorcelled Hibernation (safe; 4% risk of failure)
Press: ? - help, Q - select action, (/) - cycle Shift-Dir - straight line, f/p - black bear
Aim: a black bear (heavily wounded, chance to affect: 50%)
The black bear resists with some effort.
The black bear completely misses you. x2; The black bear closely misses you.
As you read the scroll of fear, it crumbles to dust.
You assume a fearsome visage.
The black bear looks frightened!
k - a scroll labelled NANAFANLUU
There are no items here.
There is an open door here.
You start resting.
A black bear is nearby!
A black bear is nearby!
The black bear growls angrily.
It was a potion of degeneration.
There was something very wrong with that liquid.
You feel weakened.
You feel dopey.
You feel clumsy.
It was a potion of might.
You feel very mighty all of a sudden.
It was a potion of cancellation.
Your magical effects are unravelling.
You feel magically purged.
You feel a little less mighty now.
As you read the scroll of fear, it crumbles to dust.
You assume a fearsome visage.
The black bear looks frightened!
You scratch the black bear but do no damage.
Your attack snaps the black bear out of its fear.
The black bear is moderately wounded.
The black bear completely misses you. The black bear claws you.
* * * LOW HITPOINT WARNING * * *
The black bear claws you.
You die...

#..############
#..#..$.......)
#..#...........
#..#...........
#..#...........
#..#........... #
#.<#........... .#
#..###'##########..#
#...†.......h@.....#
#..................#
#############+######


You could see a black bear.

Vanquished Creatures
  Eustachio (D:4)
  An orc priest (D:4)
  A hound (D:5)
  An iguana (D:4)
  4 adders (D:4)
  A white imp (D:4)
  3 worms
  3 dart slugs
  4 orcs
  12 ball pythons
  12 endoplasms
  4 giant cockroaches
  8 goblins
  7 hobgoblins
  3 jackals (D:1)
  5 quokkas
  2 bats (D:1)
  2 frilled lizards
  10 kobolds
  2 rats
86 creatures vanquished.

Vanquished Creatures (collateral kills)
  An orc (D:3)
  A goblin (D:3)
2 creatures vanquished.

Vanquished Creatures (others)
  3 dancing weapons
  9 toadstools (D:5)
  2 withered plants (D:1)
14 creatures vanquished.

Grand Total: 102 creatures vanquished

Notes
Turn   | Place    | Note
-------+----------+-------------------------------------------
     0 | D:1      | MysteronAgent647 the Felid Enchanter began the quest for
                  | the Orb.
     0 | D:1      | Reached XP level 1. HP: 7/7 MP: 4/4
   355 | D:2      | Reached XP level 2. HP: 11/11 MP: 6/6
   358 | D:2      | Learned a level 2 spell: Ensorcelled Hibernation
   857 | D:2      | Reached skill level 5 in Hexes
  1238 | D:3      | Reached XP level 3. HP: 13/15 MP: 4/7
  1242 | D:3      | Learned a level 3 spell: Tukima's Dance
  2017 | D:4      | Gained mutation: Your mind is acute. (Int +4, Str/Dex -1)
                  | [potion of mutation]
  2017 | D:4      | Gained mutation: You are covered in thick fur. (AC +2)
                  | [potion of mutation]
  2017 | D:4      | Gained mutation: Your flesh is cold resistant. (rC+)
                  | [potion of mutation]
  2110 | D:4      | Learned a level 1 spell: Beastly Appendage
  2162 | D:4      | Reached XP level 4. HP: 6/18 MP: 1/8
  2279 | D:4      | Noticed Eustachio
  2308 | D:4      | Killed Eustachio
  2309 | D:4      | Reached skill level 1 in Fighting
  2309 | D:4      | Reached skill level 5 in Stealth
  2309 | D:4      | Reached skill level 1 in Transmutations
  2309 | D:4      | Reached skill level 1 in Ice Magic
  2309 | D:4      | Reached XP level 5. HP: 9/22 MP: 2/10
  2530 | D:4      | Learned a level 3 spell: Spider Form
  2570 | D:4      | Mutation became permanent: You are covered in fur. (AC +1)
                  | [Felid growth]
  2570 | D:4      | Gained mutation: You are covered in thick fur. (AC +2)
                  | [Felid growth]
  2570 | D:4      | Reached XP level 6. HP: 25/25 MP: 2/11
  3176 | D:4      | Learned a level 2 spell: Blink
  4102 | D:1      | Found a faded altar of an unknown god.
  4148 | D:1      | Prayed at the altar of an unknown god.
  4148 | D:1      | Became a worshipper of Warmaster Okawaru
  4148 | D:1      | Reached * piety under Okawaru
  4251 | D:1      | Lost mutation: Your flesh is cold resistant. (rC+) [potion
                  | of mutation]
  4251 | D:1      | Lost mutation: Your mind is acute. (Int +4, Str/Dex -1)
                  | [potion of mutation]
  4251 | D:1      | Gained mutation: You are agile. (Dex +4, Str/Int -1)
                  | [potion of mutation]
  4251 | D:1      | Gained mutation: Your mind is acute. (Int +4, Str/Dex -1)
                  | [potion of mutation]
  4251 | D:1      | Lost mutation: You are agile. (Dex +4, Str/Int -1) [potion
                  | of mutation]
  4251 | D:1      | Gained mutation: Your flesh is heat resistant. (rF+)
                  | [potion of mutation]
  4436 | D:5      | Entered Level 5 of the Dungeon
  4456 | D:5      | Slain by a white imp
  4457 | D:5      | Reached XP level 5. HP: 0/22 MP: 10/10
  4457 | D:5      | Noticed Prince Ribbit
  4710 | D:5      | Noticed a black bear
  4767 | D:5      | Slain by a black bear

Illustrated notes

Levels and vault maps discovered:
D:1:      dpeg_arrival_simpleton_c, layout_rooms,
          ebering_ecumenical_altar_petrified, minmay_misc_feat_columns
D:2:      layout_rooms
D:3:      layout_loops_ring
D:4:      layout_basic, uniq_eustachio
D:5:      cheibrodos_fertilizer, layout_basic, nicolae_overflow_hidden_temple,
          uniq_prince_ribbit1, uniq_edmund, uniq_menkaure

Skill      XL: |  1  2  3  4  5 |
---------------+----------------+-----
Hexes          | 5 |  5.7
Dodging        | 3 |  3.6
Fighting       | 1 |  1.7
Stealth        | 5 |  5.5
Unarmed Combat | 2 |  2.3
Transmutations | 1 |  1.5
Ice Magic      | 1 |  1.6
Spellcasting   | 3 |  3.1
Translocations | |  0.2
Poison Magic   | |  0.1

Action                   |  1- 3 |  4- 6 || total
-------------------------+-------+-------++-------
Melee: Unarmed           |    98 |   111 ||   209
       Bite              |     8 |     7 ||    15
       Punch             |     1 |     1 ||     2
       Headbutt          |       |     5 ||     5
 Cast: Ensorcelled Hiber |    40 |    31 ||    71
       Tukima's Dance    |     5 |    10 ||    15
       Beastly Appendage |     1 |     7 ||     8
       Spider Form       |       |     8 ||     8
  Use: Potion            |     6 |     8 ||    14
       Scroll            |     7 |     5 ||    12
 Stab: Sleeping          |    27 |    24 ||    51
Armor: Skin              |     3 |    14 ||    17
Dodge: Dodged            |    84 |   104 ||   188
